[Event "Romanian GP Final KO 2023"]
[Site "Alba Iulia"]
[Date "2023.12.05"]
[Round "2.1"]
[White "Ciolacu, Alessia-Mihaela"]
[Black "Lupulescu, Constantin"]
[Result "0-1"]
[ECO "E01"]
[WhiteElo "2175"]
[BlackElo "2581"]
[Annotator "TA"]
[PlyCount "75"]
[EventDate "2023.12.04"]
[EventType "k.o."]
[EventCountry "ROU"]
[SourceTitle "playchess.com"]
[Source "ChessBase"]
[SourceQuality "1"]
[TimeControl "900+5"]

1. d4 Nf6 2. c4 e6 3. Nf3 d5 4. g3 Bb4+ 5. Bd2 Bd6 6. Nc3 {[%emt 0:00:42] E01: Catalan: Early deviations.} O-O 7. Bg5 Be7 $1 {[%emt 0:00:16][%cal Bd6e7,Be7f6,Bf6e5][%mdl 4] now scores much better than the old 7...c6.} 8. Bg2 {[%emt 0:00:13] The position is equal.} Nbd7 9. O-O dxc4 10. e4 h6 {[%emt 0:01:14] [#]} 11. Bxf6 $146 ({Predecessor:} 11. Be3 Rb8 12. d5 Nb6 13. Ne5 exd5 14. exd5 Bb4 15. Bxb6 axb6 16. Nxc4 Bxc3 17. bxc3 {1-0 Ivanov,P (2271)-Lumiste,R (2092) EST-ch U20 Tallinn 2018 (8)}) 11... Bxf6 12. Qe2 e5 13. dxe5 Nxe5 14. Nxe5 Bxe5 15. Rad1 {[%emt 0:00:28] Against Qd3} Qe7 16. Qxc4 c6 $1 {[%emt 0:00:10] Prevents Nd5.} 17. Qe2 Be6 18. Rd2 Qb4 {[%emt 0:00:52][%cal Oe6c4] ...Bc4! is the strong threat.} 19. Qe3 Qb6 {[%emt 0:00:58] Black is more active.} 20. Rfd1 ({White should play} 20. Qxb6 $15 axb6 21. f4 Bxc3 22. bxc3) 20... Qxe3 $17 21. fxe3 Rfe8 22. Kf2 Kf8 23. Bf3 Ke7 24. Ke2 (24. Ne2 $15) 24... Red8 25. a3 Rxd2+ 26. Rxd2 h5 27. Kf2 h4 28. g4 (28. gxh4 $17 Rh8 29. h5) 28... Bxh2 $19 29. Kg2 (29. Ne2 {was necessary.}) 29... Be5 30. Ne2 Rd8 31. Rc2 (31. Rxd8 $142 Kxd8 32. Nd4) 31... Bb3 {[%emt 0:00:10] This pair of bishops is nice. Black is clearly winning.} 32. Rc1 Rd2 33. Kh3 g5 34. Rc5 f6 {[%emt 0:00:30] [#] aiming for ...Bd1.} 35. Kg2 Rxb2 36. Rc1 Kd6 37. Kf2 c5 38. Ra1 {[%emt 0:00:14] Weighted Error Value: White=0.47/Black=0.10 (very precise)} 0-1

[Event "Romanian GP Final KO 2023"]
[Site "Alba Iulia"]
[Date "2023.12.05"]
[Round "2.1"]
[White "Obada, Ema"]
[Black "Secheres, Adrian-Simion"]
[Result "1-0"]
[ECO "B08"]
[WhiteElo "2035"]
[BlackElo "2381"]
[Annotator "RC"]
[PlyCount "89"]
[EventDate "2023.12.04"]
[EventType "k.o."]
[EventCountry "ROU"]
[SourceTitle "playchess.com"]
[Source "ChessBase"]
[SourceQuality "1"]
[TimeControl "900+5"]

1. e4 Nc6 2. d4 d6 3. Nf3 Nf6 4. Nc3 g6 5. Be3 Bg7 6. h3 O-O 7. Qd2 a6 8. a4 e5 9. d5 Ne7 10. Bd3 c6 11. dxc6 bxc6 12. O-O d5 13. Bc5 Qc7 14. a5 Re8 15. Rfe1 d4 16. Na4 Nd7 17. b4 Nf8 18. Nb6 Rb8 19. Nc4 f6 20. Bd6 Qb7 21. Bxb8 Qxb8 22. Nb6 Bb7 23. Bc4+ Kh8 24. c3 Rd8 25. cxd4 exd4 26. Qd3 g5 27. e5 Nfg6 28. exf6 Bxf6 29. Bxa6 Nf4 30. Qc4 d3 31. Rad1 Bxa6 32. Qxa6 Qd6 33. Qc4 Neg6 34. a6 Qc7 35. Na4 Ne2+ 36. Kf1 Ngf4 37. Nc5 Nc3 38. Rd2 Ncd5 39. Ne6 Nxe6 40. Rxe6 g4 41. hxg4 Qf7 42. Rxc6 Qe7 43. Rxd3 Nxb4 44. Rxd8+ Qxd8 45. Rc8 1-0

[Event "Romanian GP Final KO 2023"]
[Site "Alba Iulia"]
[Date "2023.12.05"]
[Round "2.2"]
[White "Deac, Bogdan-Daniel"]
[Black "Petkov, Momchil"]
[Result "1-0"]
[ECO "E08"]
[WhiteElo "2690"]
[BlackElo "2499"]
[Annotator "TA"]
[PlyCount "177"]
[EventDate "2023.12.04"]
[EventType "k.o."]
[EventCountry "ROU"]
[SourceTitle "playchess.com"]
[Source "ChessBase"]
[SourceQuality "1"]
[TimeControl "900+5"]

1. Nf3 Nf6 2. c4 e6 3. g3 d5 4. Bg2 Be7 5. O-O O-O 6. d4 Nbd7 7. Qc2 h6 {[%emt 0:00:02] E08: Closed Catalan: Main Line: 7 Qc2.} 8. Rd1 c6 9. b3 a5 {[%emt 0:00:24] White has an edge.} 10. Nbd2 b6 11. e4 Bb7 {[%emt 0:00:18] [#]} 12. e5 $146 ({Predecessor:} 12. Bb2 Qb8 13. e5 Ne8 14. cxd5 cxd5 15. Rdc1 Ba6 16. Bf1 Bxf1 17. Nxf1 Ra7 18. Ne3 {½-½ Groth,K (2389)-Rogos St,J (2380) EU-ch69 sf07 email 2012}) 12... Nh7 (12... Ne8 $1 $11) 13. Nf1 c5 14. cxd5 exd5 (14... Bxd5 $14 15. Qe2 (15. Ne3 Bxf3 16. Bxf3 cxd4 $14) 15... Qc7) 15. Ne3 Rc8 16. Qe2 {[%emt 0:00:40] White is more active.} cxd4 (16... Re8 $16 {was necessary.}) 17. Nxd4 $18 Nxe5 {[%emt 0:01:15] [#]} 18. Nxd5 $1 {[%emt 0:01:32][%mdl 576] Discovered Attack} Bxd5 {[%emt 0:00:22] [#]} 19. Nf5 $1 ({Not} 19. Qxe5 Bxg2 20. Kxg2 Bf6 $17) 19... Bf6 (19... Rxc1 $2 20. Raxc1 Bf6 21. Bxd5 $18) 20. Rxd5 Qe8 {[%emt 0:00:21] [#]} 21. Bb2 (21. Nd6 $1 $18 Nf3+ {[%mdl 64] Discovered Attack} 22. Bxf3 Qxe2 23. Bxe2 Bxa1 24. Nxc8 Rxc8 25. Be3) 21... Nf3+ 22. Bxf3 {[%emt 0:00:02] This pair of bishops is nice.} Qxe2 23. Bxe2 Bxb2 {[%emt 0:00:01] Black is weak on the light squares} 24. Ne7+ Kh8 {[%emt 0:00:01] aiming for ...Rce8.} 25. Nxc8 Bxa1 26. Nxb6 Bc3 27. Nc4 Nf6 28. Rb5 Ra8 29. Bf3 Ra6 30. a3 g6 31. h4 Kg7 32. Kg2 Ne8 (32... h5 $142 33. Rb7 Bd4) 33. Rc5 $16 Ra7 34. Kf1 Nf6 (34... Rc7 $16 {is a better defense.} 35. Rc6 Rxc6 36. Bxc6 Nc7) 35. Rb5 (35. Ne5 $18 Bd4 36. Rb5) 35... Ne8 36. h5 gxh5 37. Bxh5 Nc7 38. Rf5 Ne6 39. Nd6 Nd4 40. Rxf7+ ({Only move:} 40. Rc5 $18 Bb2 41. Nc4) 40... Rxf7 41. Bxf7 $18 {[%emt 0:00:01][%mdl 4096] Endgame KBN-KBN} Bb2 42. a4 Ba3 43. Nc4 Bb4 44. Bd5 Nxb3 45. Kg2 Nc5 46. Bc6 Ne6 47. f4 Kf6 48. Ne3 {[%emt 0:00:05] Strongly threatening Nd5+.} Bc5 49. Nd5+ Kg7 50. Bb5 Nd4 51. Bd3 Ba3 52. Nb6 Bc5 53. Nc4 Bb4 54. Kf2 Nb3 55. Ke3 Bc5+ 56. Kf3 Bb4 57. Kg4 Nc5 58. Bc2 Ne6 59. Ne5 Nd4 60. Bd3 Be1 61. Nc4 Ne6 62. Kh3 Nc5 63. Bc2 Ne6 64. Be4 Nc5 65. Bc6 Ne6 66. Nd6 Nd4 67. Bd7 Ne2 68. Ne4 Nc3 69. Nd6 Ne2 $1 70. Nf5+ Kg6 71. Nh4+ Kf6 72. Nf5 (72. Nf3 $16 Bc3 73. Kg4) 72... Nc3 (72... Kg6 $11 {remains equal.}) 73. Nxh6 ({White should play} 73. Kg4 $16) 73... Ne4 (73... Ke7 $1 $11 74. Bc8 Nxa4) 74. Ng4+ (74. g4 $16) 74... Ke7 $14 75. Bc6 Nxg3 76. Ne5 {[%emt 0:00:05] Nf3 would be deadly.} Nf5 77. Kg4 Nd4 78. Be4 Bc3 79. Nc4 Ne6 80. Ne3 {[%emt 0:00:07] Black must now prevent Nd5+.} Kd6 81. f5 Nc5 82. Bc2 Nd7 83. Kh5 Nf6+ 84. Kg6 Nd7 85. Bd1 Ne5+ 86. Kh7 {[%emt 0:00:01] f6 is the strong threat.} Nd7 (86... Bd4 $5 87. Ng4 Nd7 $11) 87. Kg8 Ke7 $2 (87... Ke5 $11) 88. Nd5+ Kd6 89. Nxc3 {[%emt 0:00:00] Weighted Error Value: White=0.09 (flawless) /Black=0.13 (very precise)} 1-0

[Event "Romanian GP Final KO 2023"]
[Site "Alba Iulia"]
[Date "2023.12.05"]
[Round "2.2"]
[White "Chigaev, Maksim"]
[Black "Gavrilescu, David"]
[Result "1/2-1/2"]
[ECO "E17"]
[WhiteElo "2626"]
[BlackElo "2534"]
[Annotator "TA"]
[PlyCount "38"]
[EventDate "2023.12.04"]
[EventType "k.o."]
[EventCountry "ROU"]
[SourceTitle "playchess.com"]
[Source "ChessBase"]
[SourceQuality "1"]
[TimeControl "900+5"]

1. c4 e6 2. g3 d5 3. Bg2 Nf6 4. Nf3 Be7 5. O-O O-O 6. b3 b6 7. Bb2 Bb7 8. d4 c5 9. cxd5 Bxd5 10. dxc5 Bxc5 11. Nc3 Bb7 12. Qxd8 {[%emt 0:01:32] [#] Not much happened in this game.  E17: Queen's Indian: 4 g3 Bb7 5 Bg2 Be7.} {Predecessor:} Rxd8 $146 13. Rfd1 Nbd7 14. Nd4 Bxg2 15. Kxg2 Rac8 16. Ndb5 a6 17. Nd6 Rc6 18. Nb7 Rdc8 19. Nxc5 Nxc5 {0-1 Neiksans,A (2584)-Schroeder,J (2552) Bundesliga 1718 2017 (13.7)} 1/2-1/2

[Event "Romanian GP Final KO 2023"]
[Site "Alba Iulia"]
[Date "2023.12.05"]
[Round "2.2"]
[White "Lupulescu, Constantin"]
[Black "Ciolacu, Alessia-Mihaela"]
[Result "1-0"]
[ECO "B51"]
[WhiteElo "2581"]
[BlackElo "2175"]
[Annotator "TA"]
[PlyCount "47"]
[EventDate "2023.12.04"]
[EventType "k.o."]
[EventCountry "ROU"]
[SourceTitle "playchess.com"]
[Source "ChessBase"]
[SourceQuality "1"]
[TimeControl "900+5"]

1. e4 c5 2. Nf3 d6 3. Bb5+ Nd7 4. c3 Ngf6 5. Bd3 a6 6. Bc2 {[%emt 0:00:20] B51: Sicilian: Moscow Variation (3 Bb5+) without 3...Bd7.} b5 7. d4 Bb7 8. d5 $5 {[%emt 0:00:50][%mdl 4] [#] The position is equal. Leaves trodden paths.} e5 $146 (8... g6 $11) ({Predecessor:} 8... g6 9. O-O Bg7 10. h3 O-O 11. Re1 Re8 12. Bf4 Qc7 13. a4 e5 14. Bg5 h6 {0-1 Hansen,E (2606)-Firouzja,A (2723) Titled Tuesday intern op 7th Januar blitz 2020 (8)}) 9. dxe6 fxe6 10. Qe2 Qb6 11. Ng5 d5 ({Black should try} 11... e5 $14) 12. e5 $16 {[%emt 0:00:53] White is more active.} Ne4 13. Nxe4 dxe4 14. Bxe4 c4 15. O-O O-O-O (15... Bxe4 $16 16. Qxe4 Rc8) 16. a4 Nc5 (16... Bxe4 $142 17. Qxe4 Qb7) 17. Bxb7+ $18 Qxb7 18. axb5 axb5 19. Be3 {[%emt 0:00:14] [#] Nd2 is the strong threat.} Rd5 (19... Nb3) 20. Nd2 Be7 21. Qg4 {[%emt 0:00:16] Strongly threatening b4.} Rxe5 $2 (21... h5 22. Qg6 Rhd8) 22. Qxg7 {[%emt 0:00:28] White is clearly winning.} Bf6 23. Qxf6 Rg8 24. Qf3 {[%emt 0:00:12] Black did not feel at home in the position after the opening.   Weighted Error Value: White=0.18 (very precise) /Black=0.55} (24. Qxe5 $2 Qxg2#) 1-0

[Event "Romanian GP Final KO 2023"]
[Site "Alba Iulia"]
[Date "2023.12.05"]
[Round "2.2"]
[White "Nanu, Costica-Ciprian"]
[Black "Parligras, Mircea-Emilian"]
[Result "1/2-1/2"]
[ECO "A13"]
[WhiteElo "2524"]
[BlackElo "2539"]
[Annotator "TA"]
[PlyCount "95"]
[EventDate "2023.12.04"]
[EventType "k.o."]
[EventCountry "ROU"]
[SourceTitle "playchess.com"]
[Source "ChessBase"]
[SourceQuality "1"]
[TimeControl "900+5"]

1. c4 e6 2. Nf3 d5 3. e3 Nf6 4. b3 c5 5. Bb2 Nc6 6. cxd5 exd5 7. Be2 Bd6 8. O-O O-O 9. d4 cxd4 10. Nxd4 Re8 {[%emt 0:00:20] A13: English Opening: 1...e6.} 11. Nd2 Nxd4 12. Bxd4 Bf5 13. Nf3 Be4 {[%emt 0:00:26] [#]} 14. Bb5 $146 ({Predecessor:} 14. Ng5 Bg6 15. Bb5 Re7 16. Bd3 Ne4 17. Nxe4 dxe4 18. Bc4 {½-½ Roim Ferreira,R-Lagergren,H (1877) W-ch WS/O/1479 email 2022}) 14... Rf8 15. Ng5 a6 16. Nxe4 dxe4 17. Bc4 {[%emt 0:00:14] A strong pair of Bishops.} b5 18. Be2 Ba3 19. Bg4 Qe7 20. Bf5 Rfe8 21. Qc2 g6 22. Bxf6 Qxf6 23. Bxe4 Rac8 24. Qd3 Rc3 $1 25. Qd5 Rd8 26. Qb7 Rd2 $1 27. Rad1 Rxa2 28. g3 Kg7 29. Qb8 Bc5 30. Qf4 Qxf4 ({Resist} 30... Rxb3 31. Qxf6+ Kxf6 32. Bd5 $18) 31. gxf4 Be7 ({But not} 31... Rxb3 32. Bd5 Rbb2 33. Bxa2 Rxa2 34. Rd7 $16) 32. Rd7 Kf8 33. Ra7 ({White should play} 33. Rfd1 $11) 33... Rc8 (33... Rxb3 $2 34. Rc1 Rd2 35. Rcc7 $18) ({Better is} 33... Rd2 $1 $15 34. f5 Bh4 35. Rxa6 Kg7) 34. Kg2 $11 Bc5 35. Rc1 {[%emt 0:00:36] [#] Hoping for Rb7.} Bxa7 36. Rxc8+ $14 {[%emt 0:00:01][%mdl 4096] Endgame KRB-KRB} Kg7 37. Kf3 Rd2 (37... Bb6 $11 {keeps the balance.}) 38. b4 (38. Rc6 $16) 38... Bb6 $11 {[%emt 0:00:26] The position is equal.} 39. Bb7 a5 40. bxa5 Bxa5 41. Rc5 Bd8 42. Rxb5 Bh4 43. Bd5 Rxf2+ 44. Kg4 Be7 45. Rb7 Kf8 46. Rb8+ Kg7 47. Rb7 Kf8 48. Rb8+ {[%emt 0:00:00] Weighted Error Value: White=0.09 (flawless) /Black=0.08 (flawless)} 1/2-1/2

[Event "Romanian GP Final KO 2023"]
[Site "Alba Iulia"]
[Date "2023.12.05"]
[Round "2.2"]
[White "Ardelean, George-Catalin"]
[Black "Kantor, Gergely"]
[Result "0-1"]
[ECO "D00"]
[WhiteElo "2433"]
[BlackElo "2527"]
[Annotator "RC"]
[PlyCount "42"]
[EventDate "2023.12.04"]
[EventType "k.o."]
[EventCountry "ROU"]
[SourceTitle "playchess.com"]
[Source "ChessBase"]
[SourceQuality "1"]
[TimeControl "900+5"]

1. d4 Nf6 2. Bf4 d5 3. e3 c5 4. Nc3 Bg4 5. f3 Bd7 6. dxc5 Qa5 7. Bxb8 Rxb8 8. Qd4 e6 9. b4 Qd8 10. Bb5 Rc8 11. Nge2 b6 12. cxb6 Bxb5 13. Nxb5 Rc4 14. Nc7+ Kd7 15. Qxc4 dxc4 16. O-O-O+ Bd6 17. Nb5 Nd5 18. bxa7 Qb6 19. Ned4 Nxe3 20. Rd2 Nd5 21. g3 Bxb4 0-1

[Event "Romanian GP Final KO 2023"]
[Site "Alba Iulia"]
[Date "2023.12.05"]
[Round "2.2"]
[White "Toma, Radu-Cristian"]
[Black "Serban, Cristian-Stefan"]
[Result "0-1"]
[ECO "A06"]
[WhiteElo "2387"]
[BlackElo "2332"]
[Annotator "RC"]
[PlyCount "140"]
[EventDate "2023.12.04"]
[EventType "k.o."]
[EventCountry "ROU"]
[SourceTitle "playchess.com"]
[Source "ChessBase"]
[SourceQuality "1"]
[TimeControl "900+5"]

1. Nf3 d5 2. e3 Nf6 3. b3 c5 4. Ba3 e6 5. c4 dxc4 6. Bxc4 Be7 7. O-O Nc6 8. Qe2 a6 9. Rc1 b5 10. Bd3 Qb6 11. Bb2 Nb4 12. Bc2 Bb7 13. d3 O-O 14. Nbd2 Rac8 15. Bb1 Rfd8 16. a3 Nc6 17. Ra2 h6 18. Ba1 Nd7 19. Ne4 Na5 20. Nfd2 Bxe4 21. dxe4 e5 22. Rac2 Nb7 23. Nf3 Qe6 24. Ba2 Nd6 25. Qd3 Ne8 26. a4 Rb8 27. Qd5 Qxd5 28. exd5 e4 29. Nd2 Ndf6 30. Be5 Rbc8 31. d6 Bxd6 32. Bc3 Rd7 33. h3 Re7 34. Kf1 Rb8 35. Bb2 Nd7 36. Ba3 Nef6 37. Rd1 Re6 38. Ke2 Bf8 39. Nf1 Rc8 40. Bb2 Nb6 41. a5 Nbd5 42. Rcd2 Nb4 43. Bb1 Nc6 44. Bc2 Nxa5 45. Ra1 Nb7 46. Bxf6 gxf6 47. Ng3 f5 48. Rd7 Nd6 49. Rxa6 c4 50. bxc4 Nxc4 51. Rxe6 fxe6 52. Bb3 Bg7 53. Nh5 Be5 54. f4 exf3+ 55. gxf3 Rc7 56. Rd8+ Kh7 57. f4 Bb2 58. Rb8 Kg6 59. Ng3 Rc5 60. h4 Bf6 61. h5+ Kf7 62. Rb7+ Be7 63. Nh1 Na5 64. Bxe6+ Kxe6 65. Rb6+ Bd6 66. Nf2 b4 67. Nd3 Rc2+ 68. Kf3 Nc4 69. Nc5+ Kd5 70. Nd7 Nxb6 0-1

[Event "Romanian GP Final KO 2023"]
[Site "Alba Iulia"]
[Date "2023.12.05"]
[Round "2.2"]
[White "Secheres, Adrian-Simion"]
[Black "Obada, Ema"]
[Result "0-1"]
[ECO "A73"]
[WhiteElo "2381"]
[BlackElo "2035"]
[Annotator "RC"]
[PlyCount "88"]
[EventDate "2023.12.04"]
[EventType "k.o."]
[EventCountry "ROU"]
[SourceTitle "playchess.com"]
[Source "ChessBase"]
[SourceQuality "1"]
[TimeControl "900+5"]

1. d4 Nf6 2. c4 e6 3. Nf3 c5 4. d5 d6 5. Nc3 exd5 6. cxd5 g6 7. Nd2 Bg7 8. e4 O-O 9. Be2 Na6 10. O-O Nc7 11. a4 b6 12. Kh1 Ba6 13. Nb5 Re8 14. f3 Bxb5 15. Bxb5 Nxb5 16. axb5 a6 17. Nc4 a5 18. Bf4 Bf8 19. Qd2 Nh5 20. Bg5 Qc7 21. g4 Ng7 22. Bf6 Be7 23. Bc3 Rab8 24. e5 Qd7 25. Rad1 Qxb5 26. Qf4 dxe5 27. Nxe5 f6 28. Nc6 Rb7 29. Rfe1 Rd7 30. Bxf6 Bxf6 31. Qxf6 Rf7 32. Rxe8+ Nxe8 33. Qe5 Nf6 34. g5 Nd7 35. Qe6 Qb3 36. Rf1 Qd3 37. Kg2 Qd2+ 38. Kh1 Qxg5 39. f4 Qf6 40. Qxf6 Nxf6 41. d6 Rd7 42. Rd1 Ne4 43. Ne7+ Kf7 44. Nc8 Nf2+ 0-1

[Event "Romanian GP Final KO 2023"]
[Site "Alba Iulia"]
[Date "2023.12.05"]
[Round "2.2"]
[White "David, Alexandru-Vasile"]
[Black "Ghimpu, Samuel-Timotei"]
[Result "1/2-1/2"]
[ECO "E44"]
[WhiteElo "2372"]
[BlackElo "2472"]
[Annotator "RC"]
[PlyCount "23"]
[EventDate "2023.12.04"]
[EventType "k.o."]
[EventCountry "ROU"]
[SourceTitle "playchess.com"]
[Source "ChessBase"]
[SourceQuality "1"]
[TimeControl "900+5"]

1. d4 Nf6 2. c4 e6 3. Nc3 Bb4 4. e3 Ne4 5. Nge2 b6 6. Qc2 Bb7 7. a3 Bxc3+ 8. Nxc3 Nxc3 9. Qxc3 d6 10. h4 Nd7 11. b3 O-O 12. Bb2 1/2-1/2

[Event "Romanian GP Final KO 2023"]
[Site "Alba Iulia"]
[Date "2023.12.05"]
[Round "2.3"]
[White "Gavrilescu, David"]
[Black "Chigaev, Maksim"]
[Result "0-1"]
[ECO "C28"]
[WhiteElo "2534"]
[BlackElo "2626"]
[Annotator "TA"]
[PlyCount "111"]
[EventDate "2023.12.04"]
[EventType "k.o."]
[EventCountry "ROU"]
[SourceTitle "playchess.com"]
[Source "ChessBase"]
[SourceQuality "1"]
[TimeControl "900+5"]

1. e4 e5 2. Bc4 Nf6 3. d3 Nc6 4. Nc3 Bb4 5. Nge2 d5 6. exd5 Nxd5 7. O-O Be6 8. Bxd5 Bxd5 9. f4 {[%emt 0:00:06] C28: Vienna Game: 2...Nf6 3 Bc4 Nc6.} f6 10. fxe5 Nxe5 11. Nxd5 {[%emt 0:00:09] The position is equal.} Qxd5 12. Nf4 Qd7 13. d4 {[%emt 0:00:07] Dodges Bc5} O-O-O 14. c3 Bd6 {[%emt 0:00:07][%cal Oh8e8] [#]} 15. Kh1 $146 ({Predecessor:} 15. Qb3 Ng6 16. Ne6 Rde8 17. d5 Nf8 18. Nd4 Ng6 19. Ne6 Nf8 20. Nd4 Ng6 21. Ne6 {½-½ Andreikin,D (2724)-Giri,A (2771) Belgrade FIDE GP 2 KO 2022 (1.3)}) 15... Ng6 16. Nd3 h5 17. Qf3 Qg4 (17... Rde8 {keeps more tension.} 18. Rf2 Nh4 19. Qd1 Qg4) 18. Bd2 (18. Be3 {is interesting.} Rde8 19. Rae1 Re4 20. Kg1) 18... Qxf3 (18... c5 {with more complications.} 19. Rae1 Qxf3 20. Rxf3 cxd4 21. cxd4 Rhe8) 19. Rxf3 Rde8 20. Rf2 Re4 21. a4 Rhe8 22. Kg1 Re2 23. Kf1 Rxf2+ 24. Kxf2 c6 25. g3 h4 26. Kf3 hxg3 27. hxg3 Rh8 28. Kg2 Re8 29. Kf3 {[%emt 0:00:13] Prevents Re2} Rh8 30. Be3 a6 31. Bf2 Kd7 32. Re1 Ne7 33. c4 g5 34. Rd1 Ng6 35. Kg4 Ke6 36. Kf3 f5 37. b3 {[%emt 0:00:15] [#]} (37. d5+ $11 {keeps the balance.} cxd5 38. cxd5+ Kd7 39. Re1) 37... Rh2 $1 $17 {[%emt 0:00:10] Black is more active.} 38. Nc5+ $2 {[%emt 0:00:08][%mdl 8192] [#] White does not recover from this.} (38. d5+ $17 cxd5 39. cxd5+ Kf6 40. Bd4+ Kf7 41. Rg1) 38... Bxc5 $1 $19 39. Bg1 g4+ 40. Ke3 Rg2 41. dxc5 Rxg3+ {[%emt 0:00:06][%mdl 4096] Endgame KRB-KRN} 42. Kd4 f4 $2 (42... Nf4 43. Be3 Ne2+ 44. Kd3 f4 {[%mdl 64] Pin} 45. Kxe2 Rxe3+ 46. Kf2 Rxb3) 43. Re1+ (43. Ke4 f3 44. Rd6+ Kf7 45. Bd4) 43... Kf7 (43... Kf5 $142 44. Bh2 Rf3 45. Bxf4 Kxf4) 44. b4 Rb3 {[%emt 0:00:06][%cal Of7f6] And now ...Kf6! would win.} 45. b5 g3 46. Rf1 Ke6 47. bxc6 bxc6 {[%emt 0:00:06] ( -> ...Kf5)} 48. Ke4 Kf6 49. Bd4+ Kg5 {[%emt 0:00:06] White must now prevent ...g2.} 50. Rh1 g2 51. Rg1 f3 {[%emt 0:00:09] Black mates.} 52. Bf2 Kg4 53. Rd1 Rb2 54. Bd4 Re2+ 55. Kd3 Nf4+ 56. Kc3 {[%emt 0:00:06] Weighted Error Value: White=0.93/Black=0.28 (precise)} 0-1

[Event "Romanian GP Final KO 2023"]
[Site "Alba Iulia"]
[Date "2023.12.05"]
[Round "2.3"]
[White "Nanu, Costica-Ciprian"]
[Black "Parligras, Mircea-Emilian"]
[Result "0-1"]
[ECO "A13"]
[WhiteElo "2524"]
[BlackElo "2539"]
[Annotator "TA"]
[PlyCount "62"]
[EventDate "2023.12.04"]
[EventType "k.o."]
[EventCountry "ROU"]
[SourceTitle "playchess.com"]
[Source "ChessBase"]
[SourceQuality "1"]
[TimeControl "900+5"]

1. c4 e6 2. Nf3 d5 3. e3 Nf6 4. b3 c5 5. Bb2 Nc6 6. cxd5 exd5 7. Be2 Bd6 8. O-O O-O 9. d4 cxd4 10. Nxd4 Re8 {[%emt 0:00:06] A13: English Opening: 1...e6.} 11. Nd2 Nxd4 12. Bxd4 Bf5 13. Nf3 Be4 {[%emt 0:00:07] [#]} 14. Bb5 $146 ({Predecessor:} 14. Ng5 Bg6 15. Bb5 Re7 16. Bd3 Ne4 17. Nxe4 dxe4 18. Bc4 {½-½ Roim Ferreira,R-Lagergren,H (1877) W-ch WS/O/1479 email 2022}) 14... Rf8 15. Bb2 a6 16. Bd3 Qe7 17. Ng5 Bxd3 18. Qxd3 {[%emt 0:00:00] [#] Strongly threatening Bxf6.} Be5 (18... Bxh2+ $5 19. Kxh2 Ng4+ {[%mdl 64] Discovered Attack} 20. Kg3 (20. Kg1 Qxg5 21. Qd4 Rfe8 $17) 20... Qxg5 $15) 19. Bxe5 Qxe5 20. Nf3 Qe4 21. Qd2 Rac8 22. Rac1 h6 23. h3 Rfd8 24. Rfd1 Qf5 25. Qa5 Re8 ({Black should play} 25... Ne4 $14) 26. Qb6 ({White should try} 26. Rc7 $16) 26... Rxc1 $11 27. Rxc1 Rc8 28. Rd1 Qc2 29. Rd2 {[%emt 0:00:00][%mdl 8192] [#]} (29. Rf1 $11) 29... Qb1+ $19 30. Kh2 Ne4 $2 ({Better is} 30... Rc1 $19 {( -> ...Rh1+)} 31. Qxf6 gxf6) 31. Qxb7 $11 (31. Rxd5 $2 {too greedy.} Rc1 32. Qd8+ Kh7 $19) 31... Rc1 $1 {[%emt 0:00:07][%mdl 32768] Weighted Error Value: White=0.39/Black=0.25 (precise) . Loss on time!?} 0-1

[Event "Romanian GP Final KO 2023"]
[Site "Alba Iulia"]
[Date "2023.12.05"]
[Round "2.3"]
[White "Ghimpu, Samuel-Timotei"]
[Black "David, Alexandru-Vasile"]
[Result "1-0"]
[ECO "A07"]
[WhiteElo "2472"]
[BlackElo "2372"]
[Annotator "RC"]
[PlyCount "98"]
[EventDate "2023.12.04"]
[EventType "k.o."]
[EventCountry "ROU"]
[SourceTitle "playchess.com"]
[Source "ChessBase"]
[SourceQuality "1"]
[TimeControl "900+5"]

1. Nf3 d5 2. g3 Nf6 3. Bg2 e6 4. O-O Be7 5. d3 O-O 6. Nbd2 Nc6 7. e4 e5 8. exd5 Nxd5 9. c3 Kh8 10. Re1 f6 11. a4 a5 12. Nc4 Be6 13. Nh4 Qd7 14. Qh5 Bf7 15. Qf3 Rfe8 16. Nf5 Bf8 17. Bd2 Rad8 18. Rad1 Nb6 19. Nxb6 cxb6 20. Be3 Bd5 21. Qxd5 Qxd5 22. Bxd5 Rxd5 23. Bxb6 g6 24. Ne3 Rd7 25. Kf1 Kg7 26. Nc4 Kf7 27. Ke2 Ra8 28. Be3 Rb8 29. Rd2 b5 30. axb5 Rxb5 31. Ra1 Rdb7 32. f3 Ke6 33. d4 exd4 34. Bxd4 Nxd4+ 35. Rxd4 Bc5 36. Rd2 Ra7 37. Rd8 a4 38. Kd1 Be7 39. Rd3 a3 40. b4 a2 41. Kc2 Bxb4 42. cxb4 Rxb4 43. Nd2 Rba4 44. Ne4 Rc4+ 45. Rc3 Rxc3+ 46. Nxc3 Ra5 47. Rxa2 Rh5 48. Kd3 f5 49. Ke3 g5 1-0

[Event "Romanian GP Final KO 2023"]
[Site "Alba Iulia"]
[Date "2023.12.05"]
[Round "3.1"]
[White "Petkov, Momchil"]
[Black "Gavrilescu, David"]
[Result "1/2-1/2"]
[ECO "D02"]
[WhiteElo "2499"]
[BlackElo "2534"]
[Annotator "TA"]
[PlyCount "47"]
[EventDate "2023.12.04"]
[EventType "k.o."]
[EventCountry "ROU"]
[SourceTitle "playchess.com"]
[Source "ChessBase"]
[SourceQuality "1"]
[TimeControl "900+5"]

1. d4 d5 2. Nf3 Nf6 3. Bf4 c5 4. e3 Nc6 5. Bb5 cxd4 6. exd4 {[%emt 0:00:02] D02: 1 d4 d5 2 Nf3 sidelines, including 2...Nf6 3 g3 and 2...Nf6 3 Bf4.} Bg4 7. Nbd2 e6 8. O-O Bd6 9. Bxd6 Qxd6 10. c3 O-O 11. Re1 Nd7 12. a4 {[%emt 0:00:57] [#]} Bh5 $146 ({Predecessor:} 12... Rfe8 13. a5 a6 14. Be2 e5 15. dxe5 Ndxe5 16. Nxe5 Bxe2 17. Rxe2 Nxe5 18. Nb3 Nc4 {½-½ Kollars,D (2633)-Gurel,E (2514) CRO-chT1A 31st 2023 (5.1)}) 13. Bd3 Rfe8 14. Qb1 Bg6 15. Bxg6 hxg6 16. Qd3 e5 17. dxe5 Ndxe5 18. Nxe5 Nxe5 19. Qd4 Nc6 20. Qh4 f6 21. Nf3 Kf7 22. Rad1 Rxe1+ 23. Rxe1 Re8 24. Rxe8 {[%emt 0:00:26] An uneventful encounter.   Weighted Error Value: White=0.04 (flawless) /Black=0.08 (flawless)} 1/2-1/2